 Dungeon Crawl Stone Soup version 0.29.0-11-gd7f09526c8 (webtiles) character file.

Game seed: 2812425490411515615

2997 raistware the Destroyer (level 9, -7/53 HPs)
             Began as an Octopode Conjurer on Sept 6, 2022.
             Shot with an arrow by a centaur (14 damage)
             ... on level 8 of the Dungeon.
             The game lasted 00:14:40 (9146 turns).

raistware the Destroyer (Octopode Conjurer)         Turns: 9146, Time: 00:14:41

Health: -7/53      AC:  1    Str:  6    XL:     9   Next: 84%
Magic:  13/22      EV: 13    Int: 25    God:
Gold:   427        SH:  0    Dex: 10    Spells: 18/26 levels left

rFire   + . .      SeeInvis .   g - +2 dagger (venom)
rCold   . . .      Faith    .   (no shield)
rNeg    . . .      Spirit   .   (helmet restricted)
rPois   .          Reflect  .   c - amulet of magic regeneration
rElec   .          Harm     .   s - ring of protection from fire
rCorr   .          Rampage  .   v - ring of willpower
Will    +....                   (no ring)
Stlth   +++.......              (no ring)
HPRegen 0.17/turn               (no ring)
MPRegen 0.58/turn               (no ring)
                                (no ring)
                                (no ring)

@: no status effects
A: almost no armour, amphibious, 8 rings, camouflage 1, gelatinous body 1,
(nimble swimmer 1), tentacles
a: no special abilities


You were on level 8 of the Dungeon.
You visited 2 branches of the dungeon, and saw 9 of its levels.
You also visited: Sewer.

You collected 427 gold pieces.

Inventory:

Hand Weapons
 g - a +2 dagger of venom (weapon)
Missiles
 b - 2 curare-tipped darts
 w - 17 poisoned darts
 D - a throwing net
Magical Staves
 p - a staff of air
Jewellery
 c - an amulet of magic regeneration (around mantle)
 n - an amulet of the acrobat
 s - a ring of protection from fire (left tentacle)
 v - a ring of willpower (right tentacle)
Wands
 G - a wand of charming (6)
Scrolls
 d - 5 scrolls of teleportation {unknown}
 e - 2 scrolls of blinking {unknown}
 f - 3 scrolls of identify {unknown}
 i - 3 scrolls of butterflies {unknown}
 j - 2 scrolls of fear {unknown}
 k - a scroll of amnesia {unknown}
 m - a scroll of immolation {unknown}
 o - 4 scrolls of poison {unknown}
 q - a scroll of vulnerability {unknown}
 y - a scroll of brand weapon {unknown}
 B - a scroll of acquirement {unknown}
 C - 3 scrolls of magic mapping {unknown}
Potions
 a - 3 potions of magic
 h - a potion of heal wounds
 l - a potion of lignification {unknown}
 r - 2 potions of mutation {unknown}
 t - a potion of berserk rage {unknown}
 u - 2 potions of invisibility {unknown}
 x - a potion of curing
 z - 2 potions of flight
 A - 2 potions of brilliance {unknown}
 E - 2 potions of attraction {unknown}
 F - a potion of haste {unknown}


   Skills:
 - Level 1.0 Fighting
 - Level 3.0 Dodging
 - Level 3.0 Stealth
 + Level 9.2 Spellcasting
 + Level 9.3 Conjurations
 - Level 2.0 Translocations


You had 18 spell levels left.
You knew the following spells:

 Your Spells              Type           Power      Damage    Failure   Level
a - Magic Dart            Conj           100%       1d8       1%          1
b - Iskenderun's Mystic   Conj/Tloc      39%        2d9       5%          4
c - Mephitic Cloud        Conj/Pois/Air  27%        N/A       4%          3

Your spell library contained the following spells:

 Spells                   Type           Power      Damage    Failure   Level
 Searing Ray              Conj           100%       2d8       1%          2
 Dazzling Flash           Conj/Hex       68%        N/A       2%          3
 Beastly Appendage        Tmut           22%        N/A       5%          1
 Freeze                   Ice            44%        1d6       5%          1
 Flame Wave               Conj/Fire      34%        2d10      8%          4
 Fulminant Prism          Conj/Hex       17%        3d11      8%          4
 Hailstorm                Conj/Ice       34%        3d9       8%          4
 Call Imp                 Summ           11%        N/A       9%          2
 Scorch                   Fire           22%        2d6       9%          2
 Frozen Ramparts          Ice            22%        1d4       16%         3
 Inner Flame              Hex/Fire       11%        N/A       16%         3
 Cause Fear               Hex            5%         N/A       47%         4
 Summon Cactus Giant      Summ           5%         N/A       100%        6
 Discord                  Hex            5%         N/A       100%        8


Dungeon Overview and Level Annotations

Branches:
Dungeon (8/15)             Temple (1/1) D:5           Sewer (visited)
   Lair: D:8-11

Altars:
Ashenzari
Cheibriados
Dithmenos
Elyvilon
Fedhas
Hepliaklqana
Kikubaaqudgha
Makhleb
Nemelex Xobeh
Qazlal
Ru
Sif Muna
Uskayaw
Wu Jian
Xom
Yredelemnul
Zin
The Shining One

Shops:
D:3 :


Innate Abilities, Weirdness & Mutations

You cannot wear most types of armour.
You are amphibious.
You can wear up to eight rings at the same time.
Your skin changes colour to match your surroundings (Stealth+).
Your rubbery body absorbs attacks. (AC +1, EV +1)
((You are camouflaged when in or above water. (Stealth+)))
You have tentacles for arms and can constrict up to eight enemies at once.


Message History

Casting: Magic Dart (safe; 1% risk of failure)
Confirm with . or Enter, or press ? or * to list all spells.
You erupt in a blast of force!
The mystic blast hits the centaur!
You kill the centaur!
The mystic blast hits the wight!
The wight is heavily damaged.
The wight is knocked back by the mystic blast.
The wight slams into the rock wall!
The wight is severely damaged.
You hear a shout!
Casting: Iskenderun's Mystic Blast (dangerous; 5% risk of failure)
Confirm with . or Enter, or press ? or * to list all spells.
You erupt in a blast of force!
The mystic blast hits the wight!
You destroy the wight!
Unknown command.
A centaur comes into view.
You close the door.
You start resting.
The centaur wields a +0 shortbow.
The centaur shoots an arrow.
The arrow hits you!
* * * LOW HITPOINT WARNING * * *
The centaur unwields a +0 shortbow.
The centaur hits you.
* * * LOW HITPOINT WARNING * * *
The centaur kicks you.
* * * LOW HITPOINT WARNING * * *
Casting: Iskenderun's Mystic Blast (dangerous; 5% risk of failure)
Confirm with . or Enter, or press ? or * to list all spells.
You erupt in a blast of force!
The mystic blast hits the centaur!
The centaur is moderately wounded.
The centaur misses you. The centaur kicks you.
* * * LOW HITPOINT WARNING * * *
Unknown command.
Casting: Iskenderun's Mystic Blast (dangerous; 5% risk of failure)
Confirm with . or Enter, or press ? or * to list all spells.
You erupt in a blast of force!
The mystic blast hits the centaur!
The centaur is severely wounded.
The centaur is knocked back by the mystic blast.
The centaur wields a +0 shortbow.
The centaur shoots an arrow.
The arrow hits you!
You die...

... #..... ... .
#.........# ..
#...... ..##...
...... ......
.... ..c...
###'##+##'##
#...).#....
#....@#..
+##)##'##+##+
#..#...c.#..#
#..#'###+#..#
#..#.....#..#
+..'.._..+..+
#.c#.....#..#
#..#+###'#..#
#..#.....#..#####


You could see a centaur.

Vanquished Creatures
  Prince Ribbit (D:7)
  A wyvern (D:7)
  Menkaure (D:5)
  A water moccasin (D:6)
  2 black bears
  3 ice beasts
  A centaur (D:8)
  3 kobold brigands
  5 scorpions
  5 bullfrogs
  5 wights (D:8)
  Crazy Yiuf (D:6)
  2 jellies
  2 hounds
  2 gnoll boudas
  An orc priest (D:7)
  Terence (D:2)
  3 iguanas (D:5)
  5 orc wizards
  8 adders
  11 gnolls
  2 river rats
  2 shadow imps
  A white imp (D:7)
  4 ufetubi
  A worm (D:2)
  A dart slug (D:4)
  19 orcs
  7 bats
  5 endoplasms
  2 giant cockroaches
  6 hobgoblins
  12 jackals
  15 kobolds
  6 quokkas
  6 ball pythons
  2 frilled lizards
  2 goblins (D:1)
  9 rats
166 creatures vanquished.

Notes
Turn   | Place    | Note
-------+----------+-------------------------------------------
     0 | D:1      | raistware the Octopode Conjurer began the quest for the
                  | Orb.
     0 | D:1      | Reached XP level 1. HP: 11/11 MP: 3/3
   165 | D:1      | Reached XP level 2. HP: 17/17 MP: 1/5
   352 | D:1      | Found a faded altar of an unknown god.
  1166 | D:2      | Reached XP level 3. HP: 20/21 MP: 7/7
  1191 | D:2      | Noticed Terence
  1207 | D:2      | Killed Terence
  1208 | D:2      | Reached XP level 4. HP: 5/27 MP: 6/10
  1213 | D:2      | Learned a level 4 spell: Iskenderun's Mystic Blast
  1596 | D:2      | Found a hide-covered altar of Uskayaw.
  1603 | D:2      | Reached skill level 1 in Translocations
  2023 | D:3      | Reached XP level 5. HP: 13/31 MP: 11/11
  2333 | D:3      | Found Cixzih's Book Shop.
  3479 | D:4      | Reached skill level 5 in Conjurations
  3479 | D:4      | Reached XP level 6. HP: 36/36 MP: 12/12
  3530 | D:4      | Found a glowing drain.
  3543 | Sewer    | Entered a sewer
  3785 | Sewer    | Reached XP level 7. HP: 10/41 MP: 10/14
  4038 | Sewer    | Found a white marble altar of Elyvilon.
  4594 | D:5      | Entered Level 5 of the Dungeon
  4718 | D:5      | Reached skill level 5 in Spellcasting
  5060 | D:5      | Found a staircase to the Ecumenical Temple.
  5131 | Temple   | Entered the Ecumenical Temple
  5720 | D:5      | Reached XP level 8. HP: 27/46 MP: 8/16
  5962 | D:5      | Noticed Menkaure
  5965 | D:5      | Killed Menkaure
  7035 | D:6      | Found a runed translucent door.
  7036 | D:6      | Noticed Crazy Yiuf
  7041 | D:6      | Killed Crazy Yiuf
  7456 | D:7      | Reached XP level 9. HP: 34/51 MP: 20/20
  7657 | D:7      | Reached skill level 1 in Fighting
  7993 | D:7      | Noticed Prince Ribbit
  8005 | D:7      | Killed Prince Ribbit
  8633 | D:7      | Found a shimmering blue altar of Sif Muna.
  8651 | D:7      | Learned a level 3 spell: Mephitic Cloud
  8662 | D:7      | Got Sif Muna's Lessons on Moulding
  9081 | D:8      | Found a white marble altar of Elyvilon.
  9085 | D:8      | Found a stormy altar of Qazlal.
  9110 | D:8      | Found a glowing golden altar of the Shining One.
  9146 | D:8      | Shot with an arrow by a centaur

Illustrated notes

Levels and vault maps discovered:
D:1:      lemuel_arrival_behind_the_door_small, layout_basic,
          shapermc_ecumenical_altar_venn, minmay_tetromino_o4
D:2:      layout_loops_ring, basic_altar, uniq_terence
D:3:      layout_loops_ring, serial_shops, shop, saegor_snake_ambush
D:4:      layout_loops_corners, gup_sewer_entry_bubbles
D:5:      layout_cave_pods, minmay_temple_entry_junction, uniq_menkaure
D:6:      layout_rooms, minivault_22, minmay_hedge_maze, serial_park_tiny_1,
          uniq_crazy_yiuf_cottage
D:7:      layout_rooms, led_sif_book, nicolae_titane, uniq_prince_ribbit1
D:8:      layout_basic, nicolae_overflow_hidden_temple,
          mainiacjoe_overflow_24_doors, nicolae_diode_intersection, uniq_maurice
Temple:   minmay_temple_curvy_branch

Skill      XL: |  1  2  3  4  5  6  7  8  9 |
---------------+----------------------------+-----
Spellcasting   | 3 4 5 7 9 |  9.2
Translocations | 2 |  2.0
Stealth        | 3 |  3.0
Conjurations   | 5 6 7 8 9 |  9.3
Fighting       | 1 |  1.0
Dodging        | 3 |  3.0

Action                   |  1- 3 |  4- 6 |  7- 9 || total
-------------------------+-------+-------+-------++-------
Melee: Dagger            |    16 |    40 |    82 ||   138
       Constrict         |     2 |     9 |    23 ||    34
       Tentacles         |     1 |    11 |    18 ||    30
       Punch             |       |     2 |     3 ||     5
 Cast: Magic Dart        |    45 |    83 |   228 ||   356
       Iskenderun's Myst |       |     1 |    31 ||    32
       Mephitic Cloud    |       |       |     1 ||     1
Evoke: Wand              |       |     2 |     8 ||    10
  Use: Potion            |       |     2 |     5 ||     7
 Stab: Sleeping          |     3 |     5 |     1 ||     9
       Distracted        |       |     1 |       ||     1
Armor: Skin              |     2 |     1 |     7 ||    10
Dodge: Dodged            |    12 |    25 |    81 ||   118
